Map: Abyssal Reef LE

Players

TheWay

  • Race: Zerg Zerg
  • League: Grandmaster
  • Spawn Location: 11:00

Railgan - Winner!

  • Race: Zerg Zerg
  • League: Grandmaster
  • Spawn Location: 5:00

VOD

https://www.youtube.com/watch?v=ZBi4ts1B77o

Description

Time

  • Played on: Feb. 13, 2017, 3:10 p.m.
  • Length: 9:37
Show
View Real Time Build Order
Export as new Build Order

TheWay Zerg 

Build Orders: Hatch First 

Get SALT Encoding   

  12  0:00  Drone  
  13  0:12  Overlord  
  13  0:20  Drone  
  14  0:31  Drone x2  
  14  0:34  Drone  
  17  0:52  Hatchery  
  16  0:59  Drone  
  16  1:00  Drone  
  16  1:02  Extractor  
  17  1:16  Spawning Pool  
  16  1:19  Drone  
  17  1:26  Drone  
  18  1:35  Drone  
  19  1:45  Overlord  
  19  1:52  Drone  
  20  2:04  Queen  
  20  2:05  Queen  
  20  2:06  Zergling x4  
  26  2:12  Metabolic Boost  
  26  2:15  Zergling x2  
  26  2:31  Drone x3  
  29  2:43  Overlord  
  29  2:47  Drone  
  29  2:48  Drone x2  
  32  3:01  Hatchery  
  31  3:07  Baneling Nest  
  31  3:10  Drone  
  31  3:12  Drone  
  32  3:20  Drone x2  
  32  3:24  Drone x2  
  36  3:27  Overlord  
  36  3:31  Zergling x2  
  36  3:33  Zergling x2  
  38  3:56  Drone  
  38  3:57  Drone x6, Roach Warren  
  38  4:01  Evolution Chamber  
  38  4:02  Drone, Extractor  
  43  4:05  Extractor  
  42  4:10  Lair  
  42  4:13  Drone  
  42  4:14  Drone  
  44  4:19  Drone  
  44  4:20  Drone x2  
  47  4:26  Zerg Missile Weapons Level 1  
  47  4:27  Drone  
  47  4:28  Drone  
  47  4:30  Drone  
  50  4:32  Drone  
  50  4:34  Drone  
  52  4:40  Overlord  
  51  4:49  Queen  
  53  4:56  Roach x2  
  53  4:57  Overlord x2  
  53  4:58  Overlord  
  57  5:06  Glial Reconstitution  
  57  5:09  Roach x3  
  57  5:12  Roach  
  65  5:15  Roach  
  65  5:16  Roach  
  65  5:20  Overlord  
  69  5:24  Roach  
  69  5:25  Roach  
  69  5:28  Roach x2  
  77  5:31  Roach  
  77  5:33  Roach  
  81  5:36  Overlord  
  81  5:39  Roach  
  81  5:41  Roach  
  85  5:43  Roach  
  85  5:45  Roach  
  89  5:50  Overlord  
  89  5:51  Overlord  
  89  6:02  Roach x4  
  97  6:07  Drone  
  98  6:12  Overlord  
  98  6:13  Drone x3  
  98  6:14  Drone x2  
  98  6:15  Drone  
  104  6:19  Ravager x3  
  104  6:20  Ravager  
  104  6:22  Overlord  
  108  6:32  Overlord  
  108  6:34  Overlord  
  108  6:35  Roach x3  
  108  6:38  Roach  
  118  6:40  Roach  
  118  6:45  Roach x2  
  118  6:46  Roach x2  
  126  6:56  Roach x4  
  134  7:03  Roach x3  
  134  7:07  Overlord  
  139  7:18  Roach x3  
  121  7:39  Roach  
  121  7:40  Roach x8  
  133  7:48  Roach  
  133  7:49  Roach x2  
  113  7:59  Drone x2  
  113  8:00  Drone x5  
  113  8:04  Extractor x2  
  118  8:06  Extractor  
  118  8:10  Zergling x2  
  118  8:11  Zergling x2  
  119  8:15  Spire  
  119  8:19  Drone x2  
  120  8:24  Overlord  
  120  8:32  Zergling x2  
  120  8:33  Zergling x14  
  128  8:45  Zergling x2  
  128  8:46  Zergling x8  
  133  9:07  Hatchery  
Show
View Real Time Build Order
Export as new Build Order

Railgan Zerg - Winner!

Build Orders: Pool First 

Get SALT Encoding   

  12  0:02  Drone  
  13  0:13  Overlord  
  13  0:17  Drone  
  14  0:31  Drone x2  
  14  0:35  Drone  
  17  0:45  Spawning Pool  
  17  0:48  Drone  
  17  0:56  Drone  
  18  1:12  Hatchery  
  18  1:14  Extractor  
  16  1:18  Drone  
  16  1:21  Drone  
  18  1:32  Queen, Zergling x2  
  21  1:42  Spine Crawler  
  21  1:43  Drone  
  21  1:50  Overlord  
  21  2:00  Drone  
  23  2:09  Queen  
  23  2:14  Drone  
  26  2:22  Drone  
  27  2:27  Drone  
  28  2:32  Queen  
  30  2:38  Drone  
  30  2:42  Drone  
  31  2:45  Drone x2  
  31  2:46  Overlord  
  31  2:47  Drone x2  
  35  2:53  Lair  
  35  3:02  Roach Warren  
  34  3:06  Drone  
  34  3:11  Evolution Chamber  
  34  3:15  Drone  
  34  3:16  Drone x2  
  34  3:18  Overlord  
  37  3:26  Evolution Chamber  
  36  3:28  Drone x3  
  36  3:31  Drone x2  
  41  3:36  Extractor  
  40  3:42  Zerg Missile Weapons Level 1  
  40  3:44  Drone x2  
  42  3:50  Roach  
  44  3:56  Roach x4  
  44  4:00  Extractor  
  51  4:04  Drone  
  51  4:09  Overlord x2  
  52  4:18  Overlord  
  52  4:22  Glial Reconstitution  
  52  4:29  Drone x2  
  54  4:31  Drone  
  54  4:32  Drone x2  
  54  4:34  Hatchery  
  54  4:35  Drone  
  57  4:43  Drone x2  
  59  4:48  Roach x2  
  59  4:51  Overlord  
  63  4:58  Roach  
  63  4:59  Roach x2  
  69  5:02  Overlord  
  69  5:03  Hatchery  
  69  5:06  Overlord  
  68  5:15  Roach x4  
  68  5:18  Overlord  
  76  5:26  Roach x3  
  76  5:28  Roach  
  84  5:36  Drone  
  84  5:37  Drone  
  84  5:42  Drone x2  
  88  5:47  Drone  
  88  5:48  Drone x2  
  91  5:51  Drone  
  91  5:52  Drone x2  
  91  5:56  Drone, Zerg Missile Weapons Level 2  
  95  5:58  Zerg Ground Armor Level 1  
  95  6:03  Drone x2  
  97  6:15  Drone x3  
  97  6:18  Overlord  
  100  6:19  Overlord  
  100  6:21  Extractor  
  100  6:23  Drone  
  100  6:29  Drone x2  
  100  6:30  Roach  
  100  6:31  Roach x3  
  110  6:40  Drone x2  
  110  6:44  Roach, Extractor  
  110  6:45  Roach  
  115  6:54  Ravager x4  
  115  6:55  Ravager, Overlord x2  
  115  6:56  Roach, Hatchery  
  115  6:58  Overlord  
  121  7:03  Overlord  
  121  7:07  Overlord  
  121  7:08  Overlord  
  121  7:09  Drone  
  122  7:16  Roach x8  
  122  7:17  Roach  
  140  7:26  Roach  
  140  7:27  Roach x2  
  136  7:32  Roach  
  136  7:33  Roach x3  
  136  7:35  Roach  
  128  7:37  Roach  
  128  7:38  Roach  
  128  7:48  Roach x5  
  124  7:56  Roach x5  
  128  7:58  Drone  
  128  8:01  Queen  
  128  8:03  Drone x2  
  132  8:06  Hatchery, Ravager  
  132  8:08  Drone, Ravager  
  132  8:09  Drone  
  132  8:10  Overlord  
  132  8:11  Roach  
  132  8:12  Roach x3  
  143  8:17  Roach, Extractor  
  143  8:18  Roach  
  146  8:31  Roach x6  
  158  8:41  Roach x5  
  164  8:42  Overlord  
  164  8:44  Roach x3  
  174  8:50  Roach  
  174  8:51  Roach  
  174  8:54  Overlord  
  174  8:55  Overseer  
  178  8:56  Overlord  
  178  9:04  Overlord  
  178  9:06  Roach  
  178  9:07  Roach x3  
Tags
 
Add a new tag
Caveats
  • Supply blocks, unpowered buildings, or Contaminate may cause inaccurate times.
  • Supply counts are checked every 10 seconds.